 Dungeon Crawl Stone Soup version 0.16-a0-77-g708f960 (webtiles) character file.

110128 ryw the Destroyer (level 16, -2/83 HPs)
             Began as a Deep Elf Wizard on May 21, 2014.
             Was the Champion of Vehumet.
             Killed by divine providence
             ... invoked by Norris
              (15 damage)
             ... on Level 3 of the Elven Halls on Aug 7, 2014.
             The game lasted 04:46:07 (56924 turns).

ryw the Destroyer (Deep Elf Wizard)                Turns: 56924, Time: 04:46:08

HP  -2/83        AC 12     Str  6      XL: 16   Next:  6%
MP  34/41        EV 21     Int 29      God: Vehumet [******]
Gold 2130        SH  0     Dex 13      Spells: 12 memorised, 10 levels left

rFire  . . .     SeeInvis .     a - staff of conjuration
rCold  + . .     Clarity  .     m - +2 robe {rC+}
rNeg   . . .     rCorr    .     (no shield)
rPois  +         rRot     .     K - +0 hat
rElec  .         Spirit   .     x - +2 cloak
SustAb .         Warding  .     E - +1 pair of gloves
rMut   .         Stasis   .     O - +2 pair of boots
Gourm  +                        t - amulet of the gourmand
MR     +....                    A - ring of teleport control
                                y - ring of poison resistance

@: about to teleport, delayed fireball, repel missiles, somewhat resistant to
hostile enchantments, quite stealthy
A: sense surroundings 1
a: Renounce Religion, Release Delayed Fireball, Evoke Teleport Control


You were on level 3 of the Elven Halls.
You worshipped Vehumet.
Vehumet was exalted by your worship.
You were completely stuffed.

You visited 4 branches of the dungeon, and saw 26 of its levels.
You also visited: Ossuary.

You collected 2172 gold pieces.
You spent 42 gold pieces at shops.

Inventory:

Hand weapons
 b - a +3 falchion of slicing
 g - a +1 dagger of chaos
 l - a +1 short sword of protection
 n - a +0 club
 H - a +2 short sword of venom
Armour
 m - a +2 robe of cold resistance (worn)
 q - a +1 robe of magic resistance
 x - a +2 cloak (worn)
 D - a cursed +0 shield of reflection
 E - a +1 pair of gloves (worn)
 K - a +0 hat (worn)
 O - a +2 pair of boots (worn)
Magical devices
 i - a wand of digging (8)
 w - a wand of paralysis (16)
 V - a wand of cold (5)
 Y - a wand of teleportation (5) {unknown}
Comestibles
 d - 3 bread rations
 h - 4 meat rations
 o - 2 slices of pizza
 M - a royal jelly
 N - a chunk of elf flesh
Scrolls
 e - a scroll of recharging
 j - 2 scrolls of remove curse
 p - 2 scrolls of identify
 r - 2 scrolls of fear
 C - 2 scrolls of enchant weapon
 G - a scroll of blinking
 J - a scroll of magic mapping
Jewellery
 c - an uncursed amulet of resist mutation
 t - an amulet of the gourmand (around neck)
 u - a cursed ring of teleportation
 y - a ring of poison resistance (left hand)
 z - an uncursed ring of sustain abilities
 A - a ring of teleport control (right hand)
 F - an uncursed ring of positive energy {unknown}
Potions
 f - 2 potions of curing
 s - a potion of magic
 v - a potion of porridge
 I - a potion of flight
Magical staves
 a - an uncursed staff of conjuration (weapon)
Miscellaneous
 B - a crystal ball of energy


   Skills:
 - Level 3.0 Fighting
 + Level 15.1 Dodging
 + Level 12.9 Stealth
 + Level 17.0 Spellcasting
 + Level 17.1 Conjurations
 - Level 5.1 Charms
 - Level 1.1 Summonings
 - Level 1.1 Translocations
 - Level 6.0 Fire Magic
 - Level 7.0 Ice Magic
 - Level 8.0 Evocations


You had 10 spell levels left.
You knew the following spells:

 Your Spells              Type           Power        Failure   Level  Hunger
a - Magic Dart            Conj           ####         0%          1    None
b - Blink                 Tloc           N/A          1%          2    None
c - Delayed Fireball      Conj/Fire      N/A          4%          7    #####..
d - Mephitic Cloud        Conj/Pois/Air  ######..     1%          3    None
e - Repel Missiles        Chrm/Air       #####.       1%          2    None
f - Call Imp              Summ           ####....     1%          2    None
g - Static Discharge      Conj/Air       #######.     1%          3    None
h - Force Lance           Conj           ########     1%          5    None
i - Iron Shot             Conj/Erth      #######...   3%          6    ##.....
j - Apportation           Tloc           ####......   1%          1    None
k - Summon Butterflies    Summ           ####....     1%          1    None
l - Ozocubu's Refrigerat  Ice            ######....   4%          6    ##.....


Dungeon Overview and Level Annotations

Branches:
Dungeon (11/15)            Temple (0/1) D:7             Orc (4/4) D:11
    Elf (3/3) Orc:4          Lair (8/8) D:11         Spider (0/5) Lair:4
  Slime (0/6) Lair:8
  Swamp: Lair:3-6    Shoals: Lair:3-6

Altars:
Dithmenos
Elyvilon
Fedhas
Gozag
Kikubaaqudgha
Nemelex Xobeh
Trog
Vehumet
Yredelemnul
Beogh

Shops:
D:4 %   D:7 *   Orc:4 ([*=

Annotations:
D:7 Sientara's ghost, experienced GrFi
Elf:2 exclusion: downstairs
Elf:3 Norris
Lair:1 exclusion: lava worm
Lair:3 1 exclusion
Lair:7 exclusion: downstairs


Innate Abilities, Weirdness & Mutations

You passively map a small area around you.


Message History

Drink which item? (? for menu, Esc to quit)
You feel better.
The deep elf fighter mumbles some strange words.
The deep elf fighter blinks!
Something hits you!
* * * LOW HITPOINT WARNING * * *
Drink which item? (? for menu, Esc to quit)
Okay, then.
Unknown command.
Casting: Iron Shot
Confirm with . or Enter, or press ? or * to list all spells.
Okay, then.
Unknown command.
The deep elf high priest is engulfed in noxious fumes.
A deep elf demonologist comes into view.
It is wielding a dagger.
Read which item? (? for menu, Esc to quit)
As you read the scroll of teleportation, it crumbles to dust.
You feel strangely unstable.
You hear some strange, mumbled words.
Something smites you!
You die...

#.....'.........#####..#
####..#.....e...')).)..#
#..##..).....[......#
#..###.......######.#
#..# ##......# #.# #..#
#'##''## #.# #..#
#.##..# #.#
#..####.##..#######.#
#..#...@.........##.#
########.############
#.......#* **#..§......#
** * #.....§.......# * *
#....e.e......# ,
...............* ,
.....###..... * .e.# ,
#... ,


You could see a deep elf sorcerer (wandering) and a deep elf fighter.

Vanquished Creatures
  Donald (Elf:1)
  Maud (Elf:1)
  Louise (Elf:1)
  A deep elf sorcerer (Elf:2)
  An orc warlord (Orc:4)
  A deep elf demonologist (Elf:3)
  A deep elf death mage (Elf:2)
  6 dire elephants (Lair:8)
  A great orb of eyes (D:10)
  2 deep elf high priests (Elf:3)
  3 hydras
  An ogre mage (Orc:4)
  An anaconda (Lair:8)
  9 death yaks
  4 orc high priests
  A shock serpent (shapeshifter) (Elf:1)
  9 deep elf knights
  A catoblepas (Lair:4)
  5 deep elf summoners
  4 orc knights
  Joseph (Lair:1)
  13 deep elf conjurers
  A red wasp (shapeshifter) (Elf:2)
  7 orc sorcerers
  24 elephants
  5 griffons
  6 black mambas
  An iron devil (Elf:2)
  Psyche (Orc:3)
  A queen ant (Lair:3)
  13 spiny frogs
  A fire drake (Lair:8)
  9 komodo dragons
  A centaur zombie (D:11)
  9 deep elf priests
  A merfolk (D:10)
  2 trolls (Orc:4)
  A polar bear (shapeshifter) (Elf:1)
  3 basilisks
  2 two-headed ogres (Orc:4)
  3 trapdoor spiders (Lair:4)
  16 blink frogs
  A trapdoor spider (shapeshifter) (Elf:2)
  A spriggan (D:10)
  6 wyverns
  A wraith (D:10)
  A human (D:10)
  19 yaks
  A water elemental (D:11)
  21 deep elf magi
  11 hippogriffs
  3 fire elementals (Elf:2)
  3 vampire mosquitoes (D:11)
  28 deep elf fighters
  3 removed MONS_SHARKs
  A hungry ghost (D:7)
  23 wolves
  Menkaure (D:4)
  A swamp worm (Lair:1)
  20 soldier ants
  2 wargs
  10 porcupines
  4 sky beasts
  13 water moccasins
  6 centaurs
  38 orc warriors
  12 ogres
  2 black bears
  4 boring beetles
  2 phantoms
  3 ice beasts
  A lost soul (Elf:2)
  A big kobold (D:10)
  16 crocodiles
  A removed MONS_GIANT_SLUG zombie (D:11)
  A removed MONS_LAVA_WORM (Lair:1)
  5 removed MONS_GIANT_SLUGs
  24 giant frogs
  2 komodo dragon skeletons (D:11)
  8 killer bees
  15 scorpions
  An eye of draining (D:8)
  A water moccasin skeleton (D:4)
  5 wights (D:7)
  7 crimson imps
  An electric eel (D:10)
  32 orc priests
  5 human zombies (Ossuary)
  A gnoll shaman (D:8)
  3 goliath beetles
  14 hounds
  4 jellies
  3 removed MONS_BIG_FISHs
  An orange rat (Elf:2)
  A quasit (D:5)
  38 orc wizards
  Natasha (thrice) (D:3)
  10 iguanas
  27 worker ants
  7 sheep
  A big kobold zombie (Ossuary)
  An ogre skeleton (D:5)
  2 mummies (Ossuary)
  8 gnolls
  24 adders
  112 green rats
  4 scorpion zombies (Ossuary)
  4 shadow imps
  A worm zombie (D:5)
  3 giant mites
  An inept item mimic (D:8)
  A white imp (Lair:6)
  6 worms
  A giant eyeball (shapeshifter) (Elf:1)
  8 giant geckos
  158 orcs
  23 bats
  A bat skeleton (D:7)
  5 giant cockroaches
  4 gnoll zombies
  10 goblins
  12 hobgoblins
  17 jackals
  17 kobolds
  6 oozes
  18 quokkas
  A ball python (D:3)
  3 giant newts
  8 giant spores
  A goblin skeleton (D:4)
  4 goblin zombies
  A hobgoblin skeleton (D:7)
  A jackal skeleton (D:6)
  3 kobold zombies
  2 orc zombies
  25 rats
  A rat zombie (D:5)
  35 ballistomycetes
  A butterfly (Lair:4)
  2 crawling corpses
  6 fungi (Lair:8)
  A macabre mass (Elf:3)
  3 plants (Lair:8)
1200 creatures vanquished.

Vanquished Creatures (collateral kills)
  An ogre (D:5)
  A worker ant (Lair:3)
  An adder (D:5)
3 creatures vanquished.

Vanquished Creatures (others)
  A deep elf annihilator (Elf:2)
  A deep elf knight (Elf:2)
  2 deep elf magi (Elf:2)
  A deep elf fighter (Elf:2)
  A lost soul (Elf:2)
  4 crimson imps
  A hound (D:10)
  An iron imp (Lair:1)
  An iguana (D:10)
  A mummy (Ossuary)
  2 white imps
  A shadow imp (Lair:1)
  7 giant spores (D:10)
  A rat (D:11)
  8 ballistomycetes (D:10)
  2 bushes (Lair:8)
  35 fungi
  27 plants
97 creatures vanquished.

Grand Total: 1300 creatures vanquished

Notes
Turn   | Place    | Note
--------------------------------------------------------------
     0 | D:1      | ryw, the Deep Elf Wizard, began the quest for the Orb.
     0 | D:1      | Reached XP level 1. HP: 10/10 MP: 6/6
   454 | D:1      | Reached XP level 2. HP: 15/15 MP: 0/10
   884 | D:1      | Learned a level 2 spell: Blink
  1047 | D:2      | Reached skill level 5 in Spellcasting
  1047 | D:2      | Reached XP level 3. HP: 15/19 MP: 8/14
  1097 | D:2      | Found a bloodstained altar of Trog.
  1616 | D:3      | Reached XP level 4. HP: 22/24 MP: 13/17
  1631 | D:3      | Learned a level 3 spell: Conjure Flame
  1635 | D:3      | Learned a level 3 spell: Mephitic Cloud
  1638 | D:3      | Learned a level 2 spell: Repel Missiles
  1641 | D:3      | Learned a level 2 spell: Call Imp
  1680 | D:3      | Noticed Natasha
  1683 | D:3      | Killed Natasha
  1704 | D:3      | Noticed Natasha
  1707 | D:3      | Killed Natasha
  1707 | D:3      | Reached skill level 1 in Charms
  1813 | D:3      | Found a basalt altar of Yredelemnul.
  1979 | D:3      | Noticed Natasha
  1979 | D:3      | Killed Natasha
  2090 | D:3      | Reached XP level 5. HP: 19/28 MP: 11/19
  2375 | D:3      | Found a radiant altar of Vehumet.
  2392 | D:4      | Noticed Menkaure
  2525 | D:4      | Found an opulent altar of Gozag.
  2559 | D:4      | Killed Menkaure
  2559 | D:4      | Reached skill level 6 in Spellcasting
  2559 | D:4      | Reached XP level 6. HP: 20/32 MP: 12/22
  2790 | D:4      | Reached skill level 5 in Conjurations
  2849 | D:4      | Found Twacaf's Food Shop.
  2918 | D:4      | Noticed an ogre
  2961 | D:4      | Killed an ogre
  3100 | D:4      | Reached XP level 7. HP: 31/36 MP: 18/24
  3260 | D:3      | Found a white marble altar of Elyvilon.
  3272 | D:3      | Became a worshipper of Vehumet
  3409 | D:4      | Found a sparkling altar of Nemelex Xobeh.
  3421 | D:5      | Entered Level 5 of the Dungeon
  3862 | D:5      | Found a sand-covered staircase.
  3883 | Ossuary  | Entered an ossuary
  4298 | Ossuary  | Reached skill level 5 in Dodging
  4387 | Ossuary  | Reached skill level 7 in Spellcasting
  4464 | Ossuary  | Reached skill level 5 in Charms
  4464 | Ossuary  | Reached XP level 8. HP: 10/41 MP: 10/26
  4730 | Ossuary  | Acquired Vehumet's first power
  4730 | Ossuary  | Offered knowledge of Freeze by Vehumet.
  4894 | Ossuary  | Upgraded the game from 0.15-a0-940-gfc6b7c8 to 0.15-a0-1002-gecfd64c
  5713 | D:5      | Reached skill level 8 in Spellcasting
  5758 | D:5      | Gained mutation: You have a fast metabolism. [potion of mutation]
  5760 | D:5      | Paralysed by a potion of paralysis for 6 turns
  5929 | D:5      | Gained mutation: You passively map a small area around you. [potion of beneficial mutation]
  6629 | D:6      | Found an ancient bone altar of Kikubaaqudgha.
  6781 | D:6      | Reached XP level 9. HP: 27/45 MP: 20/29
  6931 | D:6      | Reached skill level 9 in Conjurations
  7063 | D:6      | Offered knowledge of Sting by Vehumet.
  7534 | D:7      | Found a staircase to the Ecumenical Temple.
  7828 | D:7      | Found Giaje's Elemental Accessories.
  8228 | D:7      | Noticed Sientara's ghost (experienced GrFi)
  9578 | D:7      | Reached skill level 10 in Conjurations
 10140 | D:8      | Reached skill level 5 in Stealth
 10175 | D:8      | Found a blossoming altar of Fedhas.
 10591 | D:8      | Reached XP level 10. HP: 40/50 MP: 18/31
 10618 | D:8      | Offered knowledge of Static Discharge by Vehumet.
 10623 | D:8      | Learned a level 3 spell: Static Discharge
 10729 | D:8      | Reached skill level 10 in Spellcasting
 11584 | D:9      | Found a shadowy altar of Dithmenos.
 11589 | D:9      | Acquired Vehumet's second power
 11861 | D:10     | Entered Level 10 of the Dungeon
 12132 | D:10     | Offered knowledge of Fulminant Prism by Vehumet.
 12320 | D:10     | Reached skill level 11 in Conjurations
 12520 | D:10     | Noticed a great orb of eyes
 13100 | D:10     | Paralysed by a great orb of eyes for 5 turns
 13108 | D:10     | Killed a great orb of eyes
 13744 | D:10     | Acquired Vehumet's third power
 13925 | D:10     | Reached skill level 12 in Conjurations
 13957 | D:10     | Offered knowledge of Force Lance by Vehumet.
 13964 | D:10     | Learned a level 5 spell: Force Lance
 14764 | D:10     | Reached XP level 11. HP: 54/54 MP: 23/33
 15472 | D:10     | Identified the Compendium of Hexes
 16071 | D:10     | Reached skill level 10 in Dodging
 16755 | D:10     | Upgraded the game from 0.15-a0-1002-gecfd64c to 0.15-a0-1010-g817b8bc
 16883 | D:11     | Reached skill level 1 in Fighting
 17864 | D:11     | Found a staircase to the Orcish Mines.
 17963 | D:11     | Found a staircase to the Lair.
 17979 | Lair:1   | Entered Level 1 of the Lair of Beasts
 18431 | Lair:1   | Reached skill level 13 in Conjurations
 18605 | Lair:1   | Noticed Joseph
 18617 | Lair:1   | Killed Joseph
 19659 | Lair:2   | Offered knowledge of Iron Shot by Vehumet.
 20067 | Lair:2   | Learned a level 6 spell: Iron Shot
 20069 | Lair:2   | Learned a level 1 spell: Apportation
 20071 | Lair:2   | Learned a level 1 spell: Summon Butterflies
 21060 | Lair:3   | Reached XP level 12. HP: 56/63 MP: 27/35
 21175 | Lair:3   | Upgraded the game from 0.15-a0-1010-g817b8bc to 0.15-a0-1138-g9bbef20
 21210 | Lair:3   | Reached skill level 14 in Conjurations
 22748 | Lair:3   | Offered knowledge of Bolt of Fire by Vehumet.
 24272 | Lair:4   | Found a hole to the Spider Nest.
 25163 | Lair:4   | Reached skill level 15 in Conjurations
 25809 | Lair:4   | Reached skill level 1 in Evocations
 26406 | Lair:4   | Offered knowledge of Ozocubu's Refrigeration by Vehumet.
 26421 | Lair:4   | Learned a level 6 spell: Ozocubu's Refrigeration
 26502 | Lair:4   | Reached skill level 1 in Ice Magic
 26755 | Lair:4   | Reached XP level 13. HP: 68/68 MP: 17/36
 29329 | Lair:6   | Reached skill level 5 in Ice Magic
 30003 | Lair:6   | Upgraded the game from 0.15-a0-1138-g9bbef20 to 0.15-a0-1398-g897c189
 30224 | Lair:6   | Upgraded the game from 0.15-a0-1398-g897c189 to 0.15-a0-1411-g4425d19
 31900 | Lair:7   | Reached skill level 5 in Evocations
 33908 | Lair:6   | Offered knowledge of Delayed Fireball by Vehumet.
 33931 | Lair:6   | Learned a level 7 spell: Delayed Fireball
 34475 | Lair:8   | Entered Level 8 of the Lair of Beasts
 36261 | Lair:8   | Reached XP level 14. HP: 74/74 MP: 16/38
 36389 | Lair:7   | Upgraded the game from 0.15-a0-1411-g4425d19 to 0.15-a0-1473-g8af576b
 37422 | Lair:8   | Reached skill level 15 in Spellcasting
 37989 | Lair:7   | Reached skill level 10 in Stealth
 38754 | Lair:8   | Offered knowledge of Poisonous Cloud by Vehumet.
 38950 | Lair:8   | Found a staircase to the Slime Pits.
 39012 | Lair:8   | Reached skill level 1 in Fire Magic
 40703 | Lair:8   | Reached skill level 16 in Conjurations
 41689 | Lair:2   | Upgraded the game from 0.15-a0-1473-g8af576b to 0.15-a0-1646-g393eda0
 41761 | Orc:1    | Entered Level 1 of the Orcish Mines
 42120 | Orc:1    | Upgraded the game from 0.15-a0-1646-g393eda0 to 0.15-a0-1674-g4e5d555
 42579 | Orc:3    | Offered knowledge of Orb of Destruction by Vehumet.
 42629 | Orc:3    | Found a roughly hewn altar of Beogh.
 42664 | Orc:3    | Noticed Psyche
 42776 | Orc:3    | Killed Psyche
 43390 | Orc:4    | Entered Level 4 of the Orcish Mines
 44423 | Orc:4    | Found a staircase to the Elven Halls.
 45299 | Orc:4    | Offered knowledge of Bolt of Cold by Vehumet.
 46185 | Orc:4    | Paralysed by an orc sorcerer for 3 turns
 46367 | Orc:4    | Noticed an orc warlord
 46752 | Orc:4    | Reached XP level 15. HP: 78/78 MP: 17/39
 47949 | Orc:4    | Offered knowledge of Shatter by Vehumet.
 47949 | Orc:4    | Offered knowledge of Chain Lightning by Vehumet.
 47949 | Orc:4    | Offered knowledge of Tornado by Vehumet.
 48013 | Orc:4    | Killed an orc warlord
 48046 | Orc:4    | Reached skill level 5 in Fire Magic
 48766 | Orc:4    | Found Ozemy's General Store.
 48767 | Orc:4    | Found Porreelyri's Jewellery Shop.
 48769 | Orc:4    | Found Brahad's Antique Armour Boutique.
 48769 | Orc:4    | Found Trezem's Antique Weapon Boutique.
 48795 | Orc:4    | Upgraded the game from 0.15-a0-1674-g4e5d555 to 0.15-a0-1753-g2e80b94
 48795 | Orc:4    | Upgraded the game from 0.15-a0-1753-g2e80b94 to 0.15-a0-2291-g2252c12
 48863 | Elf:1    | Entered Level 1 of the Elven Halls
 49352 | Elf:1    | Noticed Maud
 49360 | Elf:1    | Killed Maud
 49846 | Elf:1    | Noticed Donald
 50126 | Elf:1    | HP: 2/78 [deep elf fighter/puff of flame (5)]
 50436 | Orc:4    | Bought a potion of heal wounds for 42 gold pieces
 50621 | Elf:1    | Upgraded the game from 0.15-a0-2291-g2252c12 to 0.15-a0-2370-ga66baa6
 50948 | Elf:1    | Noticed Louise
 50953 | Elf:1    | Killed Louise
 51774 | Elf:1    | Killed Donald
 53198 | Elf:1    | Upgraded the game from 0.15-a0-2370-ga66baa6 to 0.16-a0-77-g708f960
 55055 | Elf:3    | Entered Level 3 of the Elven Halls
 55062 | Elf:3    | Reached skill level 17 in Conjurations
 55754 | Elf:3    | Reached skill level 15 in Dodging
 56173 | Elf:3    | Noticed Norris
 56399 | Elf:3    | Reached XP level 16. HP: 83/83 MP: 25/41
 56916 | Elf:3    | Paralysed by something for 2 turns
 56924 | Elf:3    | Killed from afar by Norris

Action                   |  1- 3 |  4- 6 |  7- 9 | 10-12 | 13-15 | 16-18 || total
-------------------------+-------+-------+-------+-------+-------+-------++-------
Melee: Staff             |       |     4 |     1 |     7 |    13 |     1 ||    26
       Falchion          |       |       |       |   152 |   123 |       ||   275
Throw: Tomahawk          |       |       |    19 |       |       |       ||    19
       Dart              |       |       |     9 |       |       |       ||     9
 Cast: Magic Dart        |    82 |   137 |   690 |  1330 |  1077 |     3 ||  3319
       Conjure Flame     |       |     1 |    36 |    35 |       |       ||    72
       Blink             |       |       |    13 |    23 |     8 |     1 ||    45
       Call Imp          |       |       |     2 |    20 |     4 |       ||    26
       Mephitic Cloud    |       |       |     7 |    63 |    45 |     1 ||   116
       Static Discharge  |       |       |       |    15 |     3 |       ||    18
       Force Lance       |       |       |       |   198 |   577 |       ||   775
       Iron Shot         |       |       |       |    11 |   224 |    11 ||   246
       Ozocubu's Refrige |       |       |       |       |     6 |       ||     6
       Delayed Fireball  |       |       |       |       |    17 |       ||    17
       Apportation       |       |       |       |       |     1 |       ||     1
       Repel Missiles    |       |       |       |       |     4 |       ||     4
 Abil: Release Delayed F |       |       |       |       |    16 |       ||    16
       Evoke Teleport Co |       |       |       |       |     5 |     1 ||     6
Evoke: Wand              |       |       |       |     1 |       |       ||     1
  Use: Scroll            |     3 |       |    14 |    12 |     7 |     1 ||    37
       Potion            |       |       |    15 |     5 |     3 |     2 ||    25
 Stab: Confused          |       |       |       |     1 |     1 |       ||     2
  Eat: Chunk             |       |       |       |       |    33 |    11 ||    44
